 Dungeon Crawl Stone Soup version 0.32-a0-18-g89e19f1974 (webtiles) character file.

Game seed: 9618381726251774760

48 Laraso the Sneak (level 3, -2/31 HPs)
             Began as a Ghoul Delver on Jan 16, 2024.
             Was an Initiate of Yredelemnul.
             Slain by an adder (4 damage)
             ... on level 4 of the Dungeon.
             The game lasted 00:02:30 (271 turns).

Laraso the Sneak (Ghoul Delver)                      Turns: 271, Time: 00:02:30

Health: -2/31      AC:  3    Str: 15    XL:     3   Next: 72%
Magic:  3/3        EV: 11    Int: 11    God:    Yredelemnul [......]
Gold:   0          SH:  0    Dex: 10    Spells: 2/2 levels left

rFire   . .          .
                       - Unarmed
rCold   + . .        (no shield)
rNeg    + + +        a - +0 leather armour
rPois   ∞            (no helmet)
rElec   .            (no cloak)
rCorr   .            (no gloves)
SInv    .            (no boots)
Will    .....        (no amulet)
Stlth   +++          (no ring)
HPRegen 0.00/turn    (no ring)
MPRegen 0.08/turn

%: no passive effects
@: inhibited regen
A: claws 1, cold resistance 1, negative energy resistance 3, inhibited
regeneration, torment resistance 2, devour on kill
a: Renounce Religion, Recall Undead Harvest


You were on level 4 of the Dungeon.
You worshipped Yredelemnul.
Yredelemnul was noncommittal.
You visited 2 branches of the dungeon, and saw 3 of its levels.

Inventory:

Armour
 a - a +0 leather armour (worn)
Wands
 f - a wand of digging (2)
Scrolls
 b - a scroll of fog


   Skills:
 - Level 3.2 Fighting
 - Level 1.7 Dodging
 - Level 5.4 Stealth
 * Level 4.3 Unarmed Combat


You had 2 spell levels left.
You didn't know any spells.
Your spell library was empty.

Dungeon Overview and Level Annotations

Branches:
Dungeon (5/15)             Temple (1/1) D:5

Altars:
Ashenzari
Dithmenos
Gozag
Makhleb
Nemelex Xobeh
Okawaru
Qazlal
Sif Muna
Trog
Uskayaw
Vehumet
Wu Jian
Xom
Yredelemnul

Annotations:
D:5 Eustachio, Pikel


Innate Abilities, Weirdness & Mutations

You are immune to poison.
You have sharp fingernails.
Your flesh is cold resistant. (rC+)
You are immune to negative energy. (rN+++)
You do not regenerate when monsters are visible.
You are immune to unholy pain and torment.
You thrive by killing the living.


Message History

Press: ? - help, Shift-Dir - straight line A rock wall.
The rock shatters into small pieces.
The orc shouts!
You hear a shout! x2
The adder misses you.
An orc comes into view. It is wielding a +0 flail.
An orc comes into view. It is wielding a +0 dagger.
Unknown command.
The adder bites you.
* * * LOW HITPOINT WARNING * * *
The adder bites you.
* * * LOW HITPOINT WARNING * * *
An orc comes into view. It is wielding a +0 flail.
The adder bites you but does no damage.
Unknown command.
You scratch the adder.
The adder is lightly wounded.
The adder bites you.
* * * LOW HITPOINT WARNING * * *
You barely miss the adder.
The adder is lightly wounded.
The adder bites you.
* * * LOW HITPOINT WARNING * * *
You barely miss the adder.
The adder is lightly wounded.
The adder barely misses you.
You scratch the adder but do no damage.
The adder is lightly wounded.
The adder closely misses you. The adder bites you but does no damage.
You claw the adder!
The adder is almost dead.
The adder barely misses you.
You scratch the adder.
The adder is almost dead.
The adder bites you but does no damage.
You miss the adder.
The adder is almost dead.
The adder bites you.
You die...
You join the legions of the undead harvest.

#.# # .#.# ###.
...# ..##..# #
#.....#
#..###.....#
#......o...#
######So#....oo
#@#....o..#
#.########o#
#.# # #.# #.#
#.# ##


You could see an adder and 2 orcs.

Vanquished Creatures
  A howler monkey (Temple)
  An adder (Temple)
  A quokka (Temple)
3 creatures vanquished.

Notes
Turn   | Place    | Note
-------+----------+-------------------------------------------
     0 | D:5      | Laraso the Ghoul Delver began the quest for the Orb.
     0 | D:5      | Reached XP level 1. HP: 19/19 MP: 1/1
     3 | D:5      | Noticed a hound
    12 | D:5      | Found a staircase to the Ecumenical Temple.
    24 | Temple   | Entered the Ecumenical Temple
    66 | Temple   | Became a worshipper of Yredelemnul the Dark
    88 | D:5      | Noticed a howler monkey
    98 | Temple   | Reached XP level 2. HP: 25/26 MP: 2/2
   116 | Temple   | Killed a howler monkey
   117 | Temple   | Reached XP level 3. HP: 13/31 MP: 3/3
   222 | D:5      | Noticed a lemure
   223 | D:5      | Noticed a lemure
   223 | D:5      | Noticed a lemure
   223 | D:5      | Noticed a lemure
   225 | D:5      | Noticed Pikel
   242 | D:5      | Noticed Eustachio
   271 | D:4      | Slain by an adder

Illustrated notes

Levels and vault maps discovered:
D:4:      layout_basic, fedhas_altar_2, gup_sewer_entry_pipe
D:5:      layout_basic, minmay_temple_entry_glass, nrook_loot_triangle,
          guppyfry_early_lair_pool, uniq_eustachio, uniq_pikel
Temple:   lightli_temple_of_artemis

Skill      XL: |  1  2 |
---------------+-------+-----
Unarmed Combat | 3 4 |  4.3
Fighting       | |  3.2
Dodging        | |  1.7
Stealth        | |  5.4

Action                     || total
---------------------------++-------
  Melee: Unarmed           ||    25
         Punch             ||     1
  Evoke: Wand              ||     1
    Use: Scroll            ||     2
         Potion            ||     2
 Armour: Leather armour    ||    30
  Dodge: Dodged            ||    21

Table legend: (Time is in decaauts)
 A = Elapsed time spent in this place.
 B = Non-inter-level travel time spent in this place.
 C = Inter-level travel time spent in this place.
 D = Time resting spent in this place.
 E = Time spent auto-exploring this place.
 F = Levels seen in this place.
 G = Mean time per level.
                   A        B        C        D        E       F      G
               +--------+--------+--------+--------+--------+-----+--------+
         Total |    259 |    242 |     17 |     70 |      0 |   3 |   86.3 |
       Dungeon |     96 |     96 |      0 |      0 |      0 |   2 |   48.0 |
        Temple |    162 |    145 |     17 |     70 |      0 |   1 |  162.0 |
               +--------+--------+--------+--------+--------+-----+--------+

Top non-repeatable levels by time:
  Temple: 162 daAuts
     D:5: 86 daAuts
     D:4: 9 daAuts
